 Dungeon Crawl Stone Soup version 0.30.1-11-g7821555f0a (webtiles) character file.

Game seed: 13968119267731511602

69 jagang the Slasher (level 4, 0/35 HPs)
             Began as a Human Monk on Dec 21, 2023.
             Slain by a gnoll
             ... wielding a +0 whip
              (5 damage)
             ... on level 2 of the Dungeon.
             The game lasted 00:03:39 (1841 turns).

jagang the Slasher (Human Monk)                     Turns: 1841, Time: 00:03:39

Health: 0/35       AC:  3    Str: 11    XL:     4   Next: 42%
Magic:  4/4        EV: 13    Int: 11    God:
Gold:   52         SH:  0    Dex: 17    Spells: 3/3 levels left

rFire   . . .        a - +0 falchion
rCold   . . .        d - orb {light}
rNeg    . . .        b - +0 robe
rPois   .            i - +0 helmet
rElec   .            (no cloak)
rCorr   .            (no gloves)
SInv    .            (no boots)
Will    +....        (no amulet)
Stlth   +            e - ring of willpower
HPRegen 0.25/turn    (no ring)
MPRegen 0.09/turn

%: no passive effects
@: glowing
A: no striking features
a: no special abilities


You were on level 2 of the Dungeon.
You visited 1 branch of the dungeon, and saw 3 of its levels.

You collected 112 gold pieces.
You spent 60 gold pieces at shops.

Inventory:

Hand Weapons
 a - a +0 falchion (weapon)
Armour
 b - a +0 robe (worn)
 d - an orb of light (worn)
 i - a +0 helmet (worn)
Jewellery
 e - a ring of willpower (left hand)
Scrolls
 f - a scroll of vulnerability {unknown}
 h - 2 scrolls of teleportation {unknown}
 k - a scroll of amnesia {unknown}
 l - 2 scrolls of enchant armour {unknown}
 m - 4 scrolls of identify
 o - a scroll of brand weapon {unknown}
 p - a scroll of torment {unknown}
Potions
 c - 2 potions of ambrosia
 g - 2 potions of curing {unknown}
 j - a potion of attraction {unknown}
 n - 2 potions of degeneration {unknown}


   Skills:
 + Level 3.5 Fighting
 + Level 3.5 Long Blades
 * Level 2.5 Armour
 - Level 3.0 Dodging


You had 3 spell levels left.
You didn't know any spells.
Your spell library contained the following spells:

 Spells                   Type           Power      Damage    Failure   Level
 Summon Forest            Summ/Tloc      0%         N/A       100%        5
 Eringya's Noxious Bog    Tmut/Pois      0%         N/A       100%        6
 Summon Hydra             Summ           0%         N/A       100%        7


Dungeon Overview and Level Annotations

Branches:
Dungeon (3/15)

Altars:

Shops:
D:1 ?


Message History

* * * LOW HITPOINT WARNING * * *
You see here a +0 club.
There is a stone staircase leading up here.
The gnoll hits you but does no damage.
You climb upwards.
There is a stone staircase leading down here.
You are too injured to fight recklessly!
You are too injured to fight recklessly!
You are too injured to fight recklessly!
You hit the gnoll.
You kill the gnoll!
You start resting.
HP restored.
You climb downwards.
The gnoll hits you with a +0 whip. x2
There is a stone staircase leading up here.
The gnoll hits you with a +0 whip. x2
You climb upwards.
There is a stone staircase leading down here.
You hit the gnoll.
The gnoll is moderately wounded.
The gnoll completely misses you. The gnoll closely misses you.
You completely miss the gnoll.
The gnoll is moderately wounded.
The gnoll hits you with a +0 whip. x2
You hit the gnoll but do no damage.
The gnoll is moderately wounded.
The gnoll closely misses you. The gnoll misses you.
You completely miss the gnoll.
The gnoll is moderately wounded.
The gnoll hits you with a +0 whip. The gnoll closely misses you.
The gnoll barely misses you. x2
You hit the gnoll.
The gnoll is heavily wounded.
The gnoll hits you with a +0 whip!
* * * LOW HITPOINT WARNING * * *
The gnoll barely misses you.
You hit the gnoll but do no damage.
The gnoll is heavily wounded.
The gnoll hits you with a +0 whip.
You die...

# #.# #.######..#...##### #.# #.#
###.<..##.....## #### #.#
#.###...#.....###..## ...#
#.###.#...###.###.####..# ...#
###.......#####.# #.......# ...#
#....##(### #..# ######...
...####.#..#....# #.## ##.#.
...#....##.....g####.########....
##........#.....@.##..........##.
.....####...#####g....##########.
.##### ##........##.## ## .##
##....##....# ..# ###...#.......#
..# #....##..####.### ..##
#.##.##...###...#######
...#####.##.#..#..####..#....#
#..#.....##...###...###......#


You could see 2 gnolls.

Vanquished Creatures
  2 gnolls
  2 dart slugs
  3 endoplasms
  2 giant cockroaches (D:1)
  5 goblins
  8 hobgoblins
  3 quokkas
  2 ball pythons (D:1)
  4 bats (D:1)
  5 frilled lizards
  3 kobolds
  2 rats (D:1)
41 creatures vanquished.

Notes
Turn   | Place    | Note
-------+----------+-------------------------------------------
     0 | D:1      | jagang the Human Monk began the quest for the Orb.
     0 | D:1      | Reached XP level 1. HP: 18/18 MP: 1/1
   113 | D:1      | Reached skill level 1 in Armour
   113 | D:1      | Reached XP level 2. HP: 15/24 MP: 2/2
   319 | D:1      | Reached XP level 3. HP: 24/29 MP: 3/3
   723 | D:1      | Found Xabenk's Magic Scroll Boutique.
   726 | D:1      | Bought 2 scrolls of identify for 40 gold pieces
   726 | D:1      | Bought a scroll of identify for 20 gold pieces
  1676 | D:3      | Reached XP level 4. HP: 35/35 MP: 4/4
  1841 | D:2      | Slain by a gnoll

Illustrated notes

Levels and vault maps discovered:
D:1:      shiori_arrival_whats_in_store_for_you, layout_basic, serial_shops,
          nicolae_shop_window_shopping, grunt_decor_resistance
D:2:      layout_rooms, columned_hall_lemuel
D:3:      layout_basic, grunt_ministairs_13, amcnicky_mini_pool_small

Skill      XL: |  1  2  3 |
---------------+----------+-----
Armour         | 1 2 |  2.5
Fighting       | |  3.5
Long Blades    | |  3.5
Dodging        | |  3.0

Action                     |  1- 3 |  4- 6 || total
---------------------------+-------+-------++-------
  Melee: Falchion          |   102 |    24 ||   126
   Stab: Sleeping          |     1 |       ||     1
 Armour: Robe              |    21 |     1 ||    22
  Dodge: Dodged            |    69 |    20 ||    89
